 Dungeon Crawl Stone Soup version 0.29.1-1-gd02db69 (webtiles) character file.

Game seed: 10860366554667769144

135 Kel the Covered (level 5, -9/34 HPs)
             Began as a Gargoyle Fighter on Nov 23, 2022.
             Killed from afar by an orc wizard (12 damage)
             ... with a puff of flame
             ... on level 3 of the Dungeon.
             The game lasted 00:02:57 (2577 turns).

Kel the Covered (Gargoyle Fighter)                  Turns: 2577, Time: 00:02:58

Health: -9/34      AC: 11    Str: 19    XL:     5   Next: 18%
Magic:  5/5        EV:  9    Int:  9    God:
Gold:   139        SH:  0    Dex: 11    Spells: 4/4 levels left

rFire   . . .      SeeInvis .   o - +0 executioner's axe
rCold   + . .      Faith    .   (shield currently unavailable)
rNeg    + . .      Spirit   .   b - +0 scale mail
rPois   ∞          Reflect  .   (no helmet)
rElec   +          Harm     .   (no cloak)
rCorr   .          Rampage  .   (no gloves)
Will    .....                   (no boots)
Stlth   ..........              (no amulet)
HPRegen 0.11/turn               n - ring of protection from cold
MPRegen 0.09/turn               (no ring)

@: no status effects
A: sickness immunity, AC +4, negative energy resistance 1, electricity
resistance, torment resistance 1, petrification resistance
a: no special abilities


You were on level 3 of the Dungeon.
You visited 1 branch of the dungeon, and saw 3 of its levels.

You collected 139 gold pieces.

Inventory:

Hand Weapons
 a - a +0 war axe
 o - a +0 executioner's axe (weapon)
Armour
 b - a +0 scale mail (worn)
 c - a +0 buckler
Jewellery
 n - a ring of protection from cold (left hand)
Scrolls
 f - a scroll of identify {unknown}
 h - a scroll of blinking {unknown}
 i - 2 scrolls of silence {unknown}
 k - 2 scrolls of vulnerability {unknown}
 m - a scroll of poison {unknown}
 s - a scroll of enchant armour {unknown}
 t - a scroll of fog {unknown}
Potions
 d - a potion of might
 e - 3 potions of cancellation {unknown}
 g - a potion of brilliance {unknown}
 j - 2 potions of degeneration {unknown}
 l - 2 potions of heal wounds {unknown}
 p - a potion of haste {unknown}
 q - 3 potions of curing {unknown}
 r - a potion of magic {unknown}


   Skills:
 + Level 4.4 Fighting
 + Level 3.0 Axes
 + Level 4.4 Armour
 - Level 3.3 Shields


You had 4 spell levels left.
You didn't know any spells.
Your spell library contained the following spells:

 Spells                   Type           Power      Damage    Failure   Level
 Inner Flame              Hex/Fire       0%         N/A       98%         3
 Cause Fear               Hex            0%         N/A       100%        4
 Discord                  Hex            0%         N/A       100%        8


Dungeon Overview and Level Annotations

Branches:
Dungeon (3/15)

Altars:


Innate Abilities, Weirdness & Mutations

You are immune to sickness and miasma.
Your stone body is resilient. (AC +4)
You are immune to poison.
You resist negative energy. (rN+)
You are resistant to electric shocks. (rElec)
You are resistant to unholy torment.
You are immune to petrification.


Message History

You barely miss the orc wizard. You barely miss the orc.
The orc hits you but does no damage.
The orc wizard hits you but does no damage.
The orc hits you but does no damage.
You slash the orc priest!
You kill the orc priest!
You closely miss the orc wizard. You barely miss the orc.
The orc wizard hits you but does no damage.
The orc hits you but does no damage. x2
Your Axes skill increases to level 3!
You have reached level 5!
You completely miss the orc wizard. You slash the orc!
You kill the orc!
You barely miss the orc. The orc wizard closely misses you.
The orc hits you but does no damage. The orc wizard barely misses you.
The orc hits you but does no damage.
You closely miss the orc wizard. You closely miss the orc.
The orc wizard hits you but does no damage.
The orc hits you with a +0 mace.
* * * LOW HITPOINT WARNING * * *
The goblin completely misses you. The orc hits you but does no damage.
The orc wizard hits you but does no damage.
You closely miss the goblin. You barely miss the orc wizard. You slash the orc!
You kill the orc!
The goblin hits you with a +0 club.
* * * LOW HITPOINT WARNING * * *
The orc wizard closely misses you. The goblin barely misses you.
The orc wizard barely misses you.
You barely miss the orc wizard. You barely miss the goblin.
The goblin hits you but does no damage.
The orc wizard hits you with a +0 dagger.
* * * LOW HITPOINT WARNING * * *
The goblin barely misses you.
You miss the orc wizard. You slash the goblin!
You kill the goblin!
The orc wizard hits you with a +0 dagger.
* * * LOW HITPOINT WARNING * * *
The orc wizard casts a spell at you. The puff of flame hits you!
You die...

..............
..........<..
............ ...........
# ....=.....# .#.
#.......##.........#....
#.......# #....))#......
#.......# #...)@o......
#.......########.)##....
#.......#..........+ .
.......#.###..#####
####......###.##
..........##..#
###..........##
..#.....#.>.## ##
#.#.....#..## #.


You could see an orc wizard.

Vanquished Creatures
  A jelly (D:3)
  An orc priest (D:3)
  An adder (D:3)
  An ufetubus (D:3)
  A worm (D:2)
  3 dart slugs
  4 orcs (D:3)
  3 ball pythons
  2 endoplasms
  A giant cockroach (D:2)
  10 goblins
  6 hobgoblins
  2 jackals (D:1)
  2 quokkas (D:1)
  2 bats (D:2)
  3 frilled lizards
  3 rats
46 creatures vanquished.

Notes
Turn   | Place    | Note
-------+----------+-------------------------------------------
     0 | D:1      | Kel the Gargoyle Fighter began the quest for the Orb.
     0 | D:1      | Reached XP level 1. HP: 14/14 MP: 1/1
   100 | D:1      | Found a faded altar of an unknown god.
   217 | D:1      | Reached XP level 2. HP: 12/19 MP: 2/2
  1472 | D:2      | Reached XP level 3. HP: 23/24 MP: 3/3
  1729 | D:2      | Identified the +1 leather armour "Zoutimol" {rElec rF- rC+
                  | rN+}
  2240 | D:3      | Reached XP level 4. HP: 23/29 MP: 4/4
  2573 | D:3      | Reached XP level 5. HP: 11/34 MP: 5/5
  2577 | D:3      | Killed from afar by an orc wizard

Illustrated notes

Levels and vault maps discovered:
D:1:      lightli_iron_boxes, layout_basic, shapermc_ecumenical_altar_gd
D:2:      layout_basic
D:3:      layout_basic, serial_shops, nicolae_shop_waterfront

Skill      XL: |  1  2  3  4 |
---------------+-------------+-----
Axes           | 2 3 |  3.0
Fighting       | 4 |  4.4
Armour         | 4 |  4.4
Shields        | |  3.3

Action                   |  1- 3 |  4- 6 || total
-------------------------+-------+-------++-------
Melee: War axe           |    56 |       ||    56
       Executioner's axe |    37 |    22 ||    59
Armor: Scale mail        |    60 |    35 ||    95
Dodge: Dodged            |    47 |    32 ||    79
Block: Buckler           |    10 |       ||    10
